 Dungeon Crawl Stone Soup version 0.27-a0-287-gd4424db430 (webtiles) character file.

Game seed: 1261753954380795095

6570 lunkers the Geomancer (level 11, -13/83 HPs)
             Began as a Formicid Earth Elementalist on Feb 8, 2021.
             Was a Believer of Ashenzari.
             Mangled by a six-headed hydra (16 damage)
             ... on level 1 of the Lair of Beasts.
             The game lasted 00:15:50 (11985 turns).

lunkers the Geomancer (FoEE)                       Turns: 11985, Time: 00:15:50

Health: -13/83     AC:  4    Str: 20    XL:     11   Next: 21%
Magic:  12/24      EV: 12    Int: 21    God:    Ashenzari [**....]
Gold:   382        SH:  5    Dex: 17    Spells: 22/28 levels left

rFire    + + .     SeeInvis +   A - +10 battleaxe of Indomitability {vorpal, Int+3} (curse)
rCold    . . .     Faith    .   (no shield)
rNeg     . . .     Spirit   .   h - +0 robe of Cedoting {rF++ Str+7 Stlth-} (curse)
rPois    .         Reflect  +   (helmet unavailable)
rElec    .         Harm     .   e - +0 cloak
rCorr    .         Rampage  .   (no gloves)
Will     ++...                  y - +0 pair of boots
Stlth    +.........             l - amulet of reflection (curse)
HPRegen  0.23/turn              p - ring of willpower (curse)
MPRegen  0.19/turn              i - +6 ring of dexterity

@: no status effects
A: permanent stasis, dig shafts and tunnels, four strong arms, antennae 3
a: Dig, Shaft Self, Renounce Religion, Curse Item, Scrying


You were on level 1 of the Lair of Beasts.
You worshipped Ashenzari.
Ashenzari was pleased with you.
You visited 3 branches of the dungeon, and saw 10 of its levels.

You collected 541 gold pieces.
You spent 159 gold pieces at shops.

Inventory:

Hand Weapons
 A - the cursed +10 battleaxe of Indomitability (weapon) {vorpal, Int+3}
   (You found it on level 6 of the Dungeon)

   It inflicts extra damage upon your enemies.
   It affects your intelligence (+3).
   It has a curse placed upon it.
Missiles
 b - 276 stones
Armour
 e - a +0 cloak (worn)
 h - the cursed +0 robe of Cedoting (worn) {rF++ Str+7 Stlth-}
   (You bought it in a shop on level 6 of the Dungeon)

   It affects your strength (+7).
   It greatly protects you from fire.
   It makes you less stealthy.
   It has a curse placed upon it.
 y - a +0 pair of boots (worn)
 D - +0 swamp dragon scales
Jewellery
 i - a +6 ring of dexterity (right hand)
 j - a +6 ring of strength
 l - a cursed amulet of reflection (around neck)
 p - a cursed ring of willpower (left hand)
 C - an uncursed amulet of magic regeneration
Wands
 c - a wand of polymorph (4)
 g - a wand of acid (4)
 q - a wand of charming (12)
 F - a wand of iceblast (11)
 G - a wand of flame (12)
 H - a wand of paralysis (8)
Scrolls
 d - 3 scrolls of teleportation {unknown}
 k - 3 scrolls of enchant weapon {unknown}
 n - a scroll of immolation {unknown}
 r - 3 scrolls of fog {unknown}
 v - 3 scrolls of fear {unknown}
 w - a scroll of amnesia {unknown}
 x - a scroll of silence {unknown}
 B - a scroll of random uselessness {unknown}
Potions
 a - 5 potions of brilliance
 f - 4 potions of attraction
 m - 3 potions of flight
 o - a potion of might
 s - a potion of cancellation
 t - a potion of mutation
 u - 4 potions of curing
 z - 2 potions of resistance
 E - a potion of ambrosia {unknown}
 I - a potion of lignification {unknown}


   Skills:
 + Level 6.5 Fighting
 - Level 1.7 Dodging
 - Level 2.4 Stealth
 + Level 9.1 Spellcasting
 - Level 1.1(2.0) Transmutations
 * Level 14.5(15.7) Earth Magic


You had 22 spell levels left.
You knew the following spells:

 Your Spells              Type           Power        Failure   Level
a - Stone Arrow           Conj/Erth      84%          1%          3
b - Passwall              Tmut/Erth      38%          1%          2
c - Sandblast             Erth           100%         0%          1

Your spell library contained the following spells:

 Spells                   Type           Power        Failure   Level
 Petrify                  Tmut/Erth      46%          1%          4
 Lee's Rapid Deconstruct  Erth           33%          1%          5


Dungeon Overview and Level Annotations

Branches:
Dungeon (8/15)             Temple (1/1) D:5            Lair (1/6) D:8

Altars:
Ashenzari
Cheibriados
Dithmenos
Elyvilon
Fedhas
Gozag
Hepliaklqana
Kikubaaqudgha
Makhleb
Nemelex Xobeh
Okawaru
Qazlal
Ru
Sif Muna
Trog
Uskayaw
Vehumet
Wu Jian
Xom
Yredelemnul
Zin
The Shining One

Shops:
D:6 (!=**

Annotations:
Lair:1 3 runed translucent doors, Tarl's ghost, journeyman DsGl


Innate Abilities, Weirdness & Mutations

You cannot be hasted, slowed, berserked, paralysed or teleported.
You can dig through walls and to a lower floor.
Your four strong arms can wield two-handed weapons with a shield.
You have a pair of large antennae on your head. (SInv)


Message History

Aiming: Stone Arrow (safe; 1% risk of failure)
Press: ? - help, Shift-Dir - straight line, f/p - six-headed hydra
Aim: a six-headed hydra (heavily wounded, 8% to evade)
The stone arrow misses the six-headed hydra.
The six-headed hydra misses you. The six-headed hydra bites you!
* * * LOW HITPOINT WARNING * * *
You block the six-headed hydra's attack.
The six-headed hydra misses you. The six-headed hydra bites you!
* * * LOW HITPOINT WARNING * * *
The six-headed hydra bites you!
* * * LOW HITPOINT WARNING * * *
Casting: Stone Arrow (safe; 1% risk of failure)
Confirm with . or Enter, or press ? or * to list all spells.
Aiming: Stone Arrow (safe; 1% risk of failure)
Press: ? - help, Shift-Dir - straight line, f/p - six-headed hydra
Aim: a six-headed hydra (heavily wounded, 8% to evade)
The stone arrow hits the six-headed hydra!!
The six-headed hydra is almost dead.
The six-headed hydra bites you!
You die...

#### #..# *
#..### ###
*,,*
###.D@.####
##.# ## ,
#...##.##.#
#..# #. ,
#.#####..##
#..# ##
#......##
#...# ###.##
##. * ...##.#
##..####..##
##.. , ,,*##
##.#..##..##
##... , ,
###.###....##
##...# , #..##
#...## ##.....
, * ##.##
##.<.###......


You could see a six-headed hydra.

Vanquished Creatures
  A two-headed ogre (D:8)
  A cane toad (Lair:1)
  Maggie (D:7)
  A komodo dragon (Lair:1)
  A troll (D:8)
  Sigmund (D:6)
  8 yaks (Lair:1)
  Edmund (D:6)
  2 water moccasins (Lair:1)
  An orc warrior (D:7)
  A black bear (D:6)
  3 sky beasts
  5 ogres
  3 wolves (D:8)
  2 phantoms
  2 bullfrogs
  A scorpion (D:5)
  12 wights
  2 electric eels (D:8)
  A centaur zombie (D:5)
  3 jellies
  4 hounds (D:8)
  5 orc priests
  Terence (D:2)
  12 orc wizards
  5 worker ants
  A killer bee zombie (D:6)
  2 hound skeletons
  A worker ant zombie (D:7)
  9 gnolls
  11 adders
  2 white imps
  An ufetubus (D:6)
  4 oozes
  An adder zombie (D:6)
  3 worms
  8 dart slugs
  4 leopard geckos
  42 orcs
  7 bats
  7 giant cockroaches
  16 goblins
  8 hobgoblins
  7 jackals (D:3)
  2 quokkas
  A ball python (D:4)
  A ball python zombie (D:5)
  3 frilled lizards
  7 kobolds
  7 rats
235 creatures vanquished.

Vanquished Creatures (others)
  2 fungi (Lair:1)
  A plant (Lair:1)
3 creatures vanquished.

Grand Total: 238 creatures vanquished

Notes
Turn   | Place    | Note
-------+----------+-------------------------------------------
     0 | D:1      | lunkers the Formicid Earth Elementalist began the quest for
                  | the Orb.
     0 | D:1      | Reached XP level 1. HP: 13/13 MP: 3/3
   163 | D:1      | Reached skill level 4 in Earth Magic
   163 | D:1      | Reached XP level 2. HP: 19/19 MP: 3/5
   425 | D:1      | Reached XP level 3. HP: 22/24 MP: 0/6
   976 | D:1      | Reached skill level 5 in Earth Magic
  1247 | D:2      | Reached XP level 4. HP: 30/30 MP: 5/8
  1296 | D:2      | Learned a level 2 spell: Passwall
  1300 | D:2      | Learned a level 3 spell: Stone Arrow
  1491 | D:2      | Noticed Terence
  1521 | D:2      | Killed Terence
  1532 | D:2      | Found a blossoming altar of Fedhas.
  1542 | D:2      | Reached XP level 5. HP: 32/35 MP: 9/9
  2081 | D:3      | Reached skill level 6 in Earth Magic
  2094 | D:3      | Noticed a phantom
  2098 | D:3      | Killed a phantom
  2099 | D:3      | Reached XP level 6. HP: 41/41 MP: 7/11
  2628 | D:3      | Reached skill level 7 in Earth Magic
  3391 | D:3      | Reached XP level 7. HP: 46/46 MP: 3/13
  3713 | D:4      | Reached skill level 8 in Earth Magic
  4715 | D:4      | Reached skill level 5 in Spellcasting
  4865 | D:5      | Entered Level 5 of the Dungeon
  4867 | D:5      | Reached skill level 9 in Earth Magic
  4867 | D:5      | Reached XP level 8. HP: 52/52 MP: 11/15
  5293 | D:5      | Reached skill level 10 in Earth Magic
  5788 | D:5      | Found a shimmering blue altar of Sif Muna.
  5798 | D:5      | Found a staircase to the Ecumenical Temple.
  6333 | Temple   | Entered the Ecumenical Temple
  6495 | Temple   | Became a worshipper of Ashenzari the Shackled
  6530 | D:6      | Found Kumoit's Distillery.
  6541 | D:6      | Found Edasoas's Jewellery Emporium.
  6657 | D:6      | Found Lilisufu's Weapon Shop.
  6664 | D:6      | Reached XP level 9. HP: 57/57 MP: 5/18
  6770 | D:6      | Noticed Sigmund
  6774 | D:6      | Got the battleaxe of Indomitability {vorpal, Int+3}
  6775 | D:6      | Identified the +10 battleaxe of Indomitability {vorpal,
                  | Int+3} (You found it on level 6 of the Dungeon)
  6778 | D:6      | Killed Sigmund
  6779 | D:6      | Reached skill level 11 in Earth Magic
  7015 | D:6      | Reached skill level 1 in Fighting
  7138 | D:6      | Found a hide-covered altar of Uskayaw.
  7139 | D:6      | Identified the +7 falchion "Tiesk" {drain, rPois rN+ Str-4}
  7139 | D:6      | Noticed Edmund
  7148 | D:6      | Killed Edmund
  7267 | D:6      | Found Baruajas's General Store.
  7453 | D:6      | Found Fozulux's Assorted Antiques.
  7461 | D:6      | Bought a fabulously ornate robe for 159 gold pieces
  7471 | D:6      | Identified the cursed +0 robe of Cedoting {rF++ Str+7
                  | Stlth-} (You bought it in a shop on level 6 of the Dungeon)
  7604 | D:6      | Found an ornate altar of the Wu Jian Council.
  7611 | D:6      | Found a bloodstained altar of Trog.
  7612 | D:6      | Found a sparkling altar of Nemelex Xobeh.
  7960 | D:7      | Reached skill level 12 in Earth Magic
  8177 | D:7      | Reached * piety under Ashenzari
  8313 | D:7      | Noticed Maggie
  8338 | D:7      | Killed Maggie
  8339 | D:7      | Reached XP level 10. HP: 9/71 MP: 12/21
  9149 | D:8      | Reached skill level 13 in Earth Magic
  9715 | D:8      | Found a sacrificial altar of Ru.
  9959 | D:8      | Noticed a two-headed ogre
  9961 | D:8      | Found a staircase to the Lair.
  9973 | D:8      | Killed a two-headed ogre
  9974 | D:8      | Reached skill level 5 in Fighting
 10787 | Lair:1   | Entered Level 1 of the Lair of Beasts
 10838 | Lair:1   | Found a runed translucent gate.
 10844 | Lair:1   | Found a runed translucent gate.
 10844 | Lair:1   | Noticed Tarl's ghost (journeyman DsGl)
 10845 | Lair:1   | Found a runed translucent gate.
 10891 | Lair:1   | Reached skill level 14 in Earth Magic
 10897 | Lair:1   | Reached XP level 11. HP: 10/81 MP: 0/23
 11461 | Lair:1   | Reached ** piety under Ashenzari
 11977 | Lair:1   | Noticed a six-headed hydra
 11984 | Lair:1   | HP: 2/83 [six-headed hydra (7)]
 11985 | Lair:1   | Mangled by a six-headed hydra

Illustrated notes

Levels and vault maps discovered:
D:1:      psy_arrival_radial02, layout_loops_cross
D:2:      layout_rooms, fedhas_altar_2, uniq_terence
D:3:      layout_basic
D:4:      layout_basic, feat_on_display
D:5:      layout_basic, lemuel_crystal_altar,
          minmay_temple_entry_statues_fountains
D:6:      layout_basic, eat_drink_and_be_merry_uskayaw, minitemple,
          serial_shops, nicolae_shop_statue_plus, shop, nicolae_shop_trees,
          shop_fountains, shop, uniq_edmund, uniq_sigmund
D:7:      layout_loops_ring, hangedman_decor_slide_cut,
          kennysheep_generic_room_16, uniq_maggie
D:8:      layout_loops_corners, erik_lair_island, nicolae_ru_path_of_blood
Temple:   nicolae_temple_elliptical
Lair:1:   layout_layer_cave, ebering_ghost_rock_garden

Skill      XL: |  1  2  3  4  5  6  7  8  9 10 11 |
---------------+----------------------------------+-----
Earth Magic    | 4 5 6 7 9 10 12 14 | 14.5
Spellcasting   | 3 4 5 6 7 8 9 |  9.1
Fighting       | 3 5 6 |  6.5
Dodging        | |  1.7
Stealth        | |  2.4
Transmutations | |  1.1

Action                   |  1- 3 |  4- 6 |  7- 9 | 10-12 || total
-------------------------+-------+-------+-------+-------++-------
Melee: Unarmed           |     2 |       |       |       ||     2
       Dagger            |       |    77 |    23 |       ||   100
       Battleaxe         |       |       |    33 |    20 ||    53
 Cast: Sandblast         |    45 |    12 |    11 |     7 ||    75
       Stone Arrow       |       |    29 |   112 |    74 ||   215
Invok: Curse Item        |       |       |     3 |       ||     3
Evoke: Wand              |       |       |     3 |       ||     3
  Use: Scroll            |       |       |     6 |     3 ||     9
 Stab: Sleeping          |       |     3 |     1 |       ||     4
Armor: Robe              |     2 |    15 |    12 |     5 ||    34
Dodge: Dodged            |    11 |    48 |    48 |    37 ||   144
Block: Other             |       |    19 |    22 |    16 ||    57
       Reflection        |       |     1 |       |       ||     1

Table legend: (Time is in decaauts)
 A = Elapsed time spent in this place.
 B = Non-inter-level travel time spent in this place.
 C = Inter-level travel time spent in this place.
 D = Time resting spent in this place.
 E = Time spent auto-exploring this place.
 F = Levels seen in this place.
 G = Mean time per level.
                   A        B        C        D        E       F      G
               +--------+--------+--------+--------+--------+-----+--------+
         Total |  12034 |  11813 |    221 |    842 |   9413 |  10 | 1203.4 |
       Dungeon |  10660 |  10464 |    196 |    539 |   8515 |   8 | 1332.5 |
        Temple |    170 |    147 |     23 |      0 |    138 |   1 |  170.0 |
          Lair |   1202 |   1202 |      0 |    303 |    760 |   1 | 1202.0 |
               +--------+--------+--------+--------+--------+-----+--------+

Top non-repeatable levels by time:
     D:3: 1791 daAuts
     D:8: 1692 daAuts
     D:7: 1393 daAuts
     D:5: 1362 daAuts
     D:4: 1346 daAuts
     D:1: 1214 daAuts
     D:6: 1210 daAuts
  Lair:1: 1202 daAuts
     D:2: 649 daAuts
  Temple: 170 daAuts
